 Dungeon Crawl Stone Soup version 0.21-a0-243-g597973d (webtiles) character file.

42 Pippin the Stinger (level 3, 0/24 HPs)
             Began as a Human Wanderer on Sept 4, 2017.
             Slain by a goblin
             ... wielding a +0 dagger
              (6 damage)
             ... on level 2 of the Dungeon.
             The game lasted 00:07:28 (3637 turns).

Pippin the Stinger (Human Wanderer)                 Turns: 3637, Time: 00:07:29

Health: 0/24       AC:  2    Str: 14    XL:     3   Next: 80%
Magic:  7/7        EV: 11    Int: 12    God:
Gold:   72         SH:  0    Dex: 11    Spells: 2/8 levels left

rFire    . . .     SeeInvis .     - Unarmed
rCold    . . .     Gourm    .   (no shield)
rNeg     . . .     Faith    .   d - +0 robe
rPois    .         Spirit   .   (no helmet)
rElec    .         Reflect  .   (no cloak)
rCorr    .         Harm     .   (no gloves)
MR       .....                  (no boots)
Stlth    +.........             (no amulet)
HPRegen  0.08/turn              (no ring)
MPRegen  0.10/turn              (no ring)

@: no status effects
A: no striking features
a: no special abilities


You were on level 2 of the Dungeon.
You were very hungry.

You visited 1 branch of the dungeon, and saw 2 of its levels.

You collected 72 gold pieces.

Inventory:

Armour
 d - a +0 robe (worn)
Scrolls
 e - 2 scrolls of teleportation {unknown}
 h - a scroll of identify {unknown}
Books
 a - a book of Maledictions

   Spells                             Type                      Level
   a - Corona                         Hexes                        1
   b - Ensorcelled Hibernation        Hexes/Ice                    2
   c - Confuse                        Hexes                        3
   d - Tukima's Dance                 Hexes                        3
   e - Dazzling Spray                 Conjuration/Hexes            3
 b - the Incunabulum of Transmigration

   Spells                             Type                      Level
   a - Beastly Appendage              Transmutation                1
   b - Ignite Poison                  Fire/Transmutation/Poison    3
 c - the Incunabulum of the Oath

   Spells                             Type                      Level
   a - Confusing Touch                Hexes                        1
   b - Dazzling Spray                 Conjuration/Hexes            3
Comestibles
 f - a bread ration


   Skills:
 - Level 1.0 Stealth
 * Level 2.2 Unarmed Combat
 - Level 3.0 Spellcasting
 + Level 2.8 Hexes
   Level 3.0 Poison Magic
   Level 1.0 Evocations


You had 2 spell levels left.
You knew the following spells:

 Your Spells              Type           Power        Failure   Level  Hunger
a - Confusing Touch       Hex            #.....       8%          1    #......
b - Ensorcelled Hibernat  Hex/Ice        #.....       21%         2    ###....
c - Tukima's Dance        Hex            #.......     22%         3    ###....


Dungeon Overview and Level Annotations

Branches:
Dungeon (2/15)

Altars:


Message History

The goblin hits you with a dagger.
You hit the worm.
The worm is almost dead.
The worm bites you!
You are too injured to fight recklessly!
The goblin hits you but does no damage.
You barely miss the goblin. The goblin barely misses you.
You closely miss the goblin. The goblin hits you with a dagger.
* * * LOW HITPOINT WARNING * * *
Press: ? - help, v - describe, . - travel
Here: a goblin, wielding a dagger The floor, spattered with blood.
Unknown command.
You barely miss the goblin. You closely miss the goblin.
The goblin hits you with a dagger.
* * * LOW HITPOINT WARNING * * *
You closely miss the goblin. The goblin barely misses you.
You completely miss the goblin. The goblin hits you but does no damage.
You miss the goblin. The goblin hits you with a dagger.
You die...

### #<#
#.# #@#
#g#
#w.......
#...%....
###
#........
....
#........
.....
#........
.....
#........
.....
#........
.....


You could see a worm and a goblin.

Vanquished Creatures
  An adder (D:2)
  2 ball pythons (D:1)
  3 giant cockroaches (D:1)
  A goblin (D:1)
  8 hobgoblins
  4 bats (D:1)
  2 frilled lizards (D:1)
  8 kobolds (D:1)
  6 rats (D:1)
35 creatures vanquished.

Notes
Turn   | Place    | Note
-------+----------+-------------------------------------------
     0 | D:1      | Pippin the Human Wanderer began the quest for the Orb.
     0 | D:1      | Pippin set off with: a book of Maledictions, the Incunabulum of Transmigration, the Incunabulum of the Oath, a +0 robe, a +0 club, a bread ration
     0 | D:1      | Reached XP level 1. HP: 13/13 MP: 4/4
     0 | D:1      | Identified the Incunabulum of Transmigration
     0 | D:1      | Identified the Incunabulum of the Oath
     2 | D:1      | Learned a level 1 spell: Confusing Touch
   461 | D:1      | Reached skill level 1 in Unarmed Combat
   601 | D:1      | Reached XP level 2. HP: 19/19 MP: 6/6
   605 | D:1      | Learned a level 2 spell: Ensorcelled Hibernation
  1490 | D:1      | Reached XP level 3. HP: 23/24 MP: 7/7
  3209 | D:2      | Learned a level 3 spell: Tukima's Dance
  3637 | D:2      | Slain by a goblin

Vault maps used:
D:1:      minmay_arrival_doors, st_stairs_7

Skill      XL: |  1  2  3 |
---------------+----------+-----
Unarmed Combat | 1 2 |  2.2
Stealth        | |  1.0
Spellcasting   | |  3.0
Hexes          | |  2.8
Poison Magic   | |  3.0
Evocations     | |  1.0

Action                   || total
-------------------------++-------
Melee: Unarmed           ||   227
       Punch             ||     3
 Cast: Confusing Touch   ||    19
       Ensorcelled Hiber ||     2
 Stab: Confused          ||    12
       Sleeping          ||     2
  Eat: Chunk             ||     8
Armor: Robe              ||    36
Dodge: Dodged            ||    96

Table legend:
 A = Spawn XP
 B = Non-spawn XP
 C = Spawn XP percentage of total XP
 D = Spawn monster count
 E = Non-spawn monster count
 F = Spawn count percentage of total count
 G = Total turns spent on level
                    A         B        C        D         E        F      G
               +---------+---------+-------+---------+---------+-------+---------
         Total |      21 |      40 |  34.4 |      15 |      20 |  42.9 |  3637
               +---------+---------+-------+---------+---------+-------+---------
           D:1 |      21 |      26 |  44.7 |      15 |      18 |  45.5 |  3245
           D:2 |       0 |      14 |   0.0 |       0 |       2 |   0.0 |   392
               +---------+---------+-------+---------+---------+-------+---------
